 Dungeon Sprint DCSS version 0.01-2161-g8ec87df2bd (webtiles) character file.

Game seed: 9546420837999406043, levelgen mode: deterministic

74 pasperui the Ruffian (level 4, 0/44 HPs) Naga Transmuter. Began on July 3, 2020. Slain by a water elemental (21 damage) ... in the Dungeon (Sprint III: "The Ten Rune Challenge"). The game lasted 00:02:27 (231 turns).

pasperui the Ruffian (Naga Transmuter)               Turns: 231, Time: 00:02:28

Health: 0/44       AC:  3    Str: 13    XL:     4 ^: 58
Magic:  7/7        EV: 10    Int: 14    God:
Gold:   23         SH:  0    Dex: 13    Spells: 6/7 levels left

rFire    . . .     Vision   +     - Unarmed
rCold    . . .     Gourm    .     - Unarmed
rNeg     . . .     Faith    .   a - +0 robe
rPois    +         Spirit   .   (no helmet)
rElec    .         Reflect  .   n - +0 cloak
rCorr    .         Harm     .   (no gloves)
MR       .....     NoTele   +   (no barding)
Stlth    +.........             k - amulet of rage
HPRegen  0.24/turn              (no ring)
MPRegen  0.17/turn              (no ring)

@: engulfed (cannot breathe), berserk cooldown, slowed, very slow
A: large, see invisible, agile 1, deformed body, poison resistance, slowness 2,
slow metabolism 1, spit poison 2, constrict 1, AC +1
a: Breathe Poison Gas, Evoke Berserk Rage


You were in the Dungeon.
You were not hungry.

You visited 1 branch You collected 23 gold pieces.

Inventory:

Armour
 a - a +0 robe (worn)
 n - a +0 cloak (worn)
Jewellery
 k - an amulet of rage (around neck)
Wands
 l - a wand of ensnaring (1)
 m - a wand of random effects (2)
Scrolls
 i - 2 scrolls of blinking
 o - 3 scrolls of bless item
 q - a scroll of amnesia
 t - a scroll of torment
Potions
 d - 3 potions of curing
 e - a potion of heal wounds
 f - a potion of haste
 g - 2 potions of magic
 h - a potion of berserk rage
 j - a potion of cancellation
 p - a potion of agility
 r - 2 potions of lignification
 s - 3 potions of mutation
Comestibles
 b - 6 chunks of flesh
 c - 3 rations


   Skills:
 * Level 4.1 Fighting
 - Level 1.6 Dodging
 - Level 7.4 Unarmed Combat
 - Level 2.1 Spellcasting
 - Level 2.0 Transmutations


You had 6 spell levels left.
You knew the following spells:

 Your Spells              Type           Power        Failure   Level  Hunger
a - Beastly Appendage     Tmut           7 (50)       10%         1    ##.....

Your spell library contained the following spells:

 Spells                   Type           Power        Failure   Level  Hunger
 Sticks to Snakes         Tmut           7 (100)      16%         2    ###....
 Snakes to Sticks         Hex/Tmut       4 (100)      43%         3    ####...
 Spider Form              Tmut/Pois      4 (200)      43%         3    ####...
 Ice Form                 Ice/Tmut       4 (100)      83%         4    #####..
 Blade Hands              Tmut           7 (200)      95%         5    ######.


Dungeon Overview and Level Annotations

Branches:
Dungeon (1/1)

Altars:


Innate Abilities, Weirdness & Mutations

You cannot wear boots.
Your serpentine skin is tough. (AC +1)
You have supernaturally acute eyesight. (+Vis)
Armour fits poorly on your strangely shaped body.
Your system is resistant to poisons. (rPois)
You cover ground very slowly.
You have a slow metabolism.
You can exhale a cloud of poison.
You can use your snake-like lower body to constrict enemies.
You are agile. (Dex +2)


Message History

The water elemental is heavily damaged. (14/26) HP You hit the water elemental but do no damage.
The water elemental is heavily damaged. (14/26) HP The water elemental blocks your attack.
The water elemental is heavily damaged. (14/26) HP The water elemental hits you (15)!
The water elemental engulfs you in water!
You hit the water elemental (1).
The water elemental is heavily damaged. (13/26) HP You hit the water elemental (2).
The water elemental is heavily damaged. (11/26) HP Your lungs strain for air!
The water elemental misses you (0).
You hit the water elemental (4).
The water elemental is severely damaged. (7/26) HP You hit the water elemental (2).
The water elemental is almost destroyed. (5/26) HP Your lungs strain for air!
The water elemental hits you (21)!!
You die...

▓▓▓▓▓▓▓▓ ▓▓▓ <..#...####
##.# ...#......#####..#
..##...)...#?.#..#
##.##.##...#..#..# #+#+#
##.##.###..##'#..#......
#.####.##..###..@E.⌠....
.###..##..####...#...###
#.†...##..###....# ⌠.#
###..##÷..##.....# .#
#÷.##....#.)....# #
#..###..##÷#.....# #[.#
#..#####....# ▓▓▓▓ ▓▓▓▓
▓▓▓▓▓▓


You could see a water elemental.

Vanquished Creatures
  Crazy Yiuf (D)
  Jessica (D)
  A human (D)
  3 rats (D)
6 creatures vanquished.

Vanquished Creatures (others)
  2 draconian scorchers (D)
  5 hellions (D)
  2 yaktaurs (D)
  2 plants (D)
11 creatures vanquished.

Grand Total: 17 creatures vanquished

Notes
Turn   | Place    | Note
-------+----------+-------------------------------------------
     0 | D        | pasperui the Naga Transmuter began the quest for the Orb.
     0 | D        | Reached XP level 1. HP: 18/18 MP: 3/3
    24 | D        | Noticed Jessica
    27 | D        | Killed Jessica
    27 | D        | Reached skill level 6 in Unarmed Combat
    27 | D        | Reached XP level 2. HP: 19/25 MP: 3/5
    27 | D        | Reached XP level 3. HP: 24/31 MP: 3/6
    36 | D        | Killed a yaktaur
    63 | D        | Reached skill level 7 in Unarmed Combat
    86 | D        | Killed a hellion
   113 | D        | Killed a hellion
   152 | D        | Killed a hellion
   153 | D        | Killed a hellion
   153 | D        | Killed a white draconian scorcher
   165 | D        | Killed a hellion
   172 | D        | Noticed Crazy Yiuf
   177 | D        | Killed Crazy Yiuf
   177 | D        | Reached XP level 4. HP: 30/44 MP: 5/7
   190 | D        | Killed a white draconian scorcher
   204 | D        | Killed a yaktaur
   221 | D        | Gained mutation: You are agile. (Dex +2) [potion of
                  | mutation]
   221 | D        | Gained mutation: You can exhale a cloud of poison. [potion
                  | of mutation]
   231 | D        | Slain by a water elemental

Levels and vault maps discovered:
D:        dungeon_sprint_mu [sprint_mu_entry_cave, sprint_mu_temple_rooms,
          sprint_mu_d1_horrors, sprint_mu_d2_genie, sprint_mu_d3_branching,
          sprint_mu_orc_legion, sprint_mu_elf_gauntlet, sprint_mu_hive_nellie,
          sprint_mu_lair_fedhas, sprint_mu_vaults_butterflies,
          sprint_mu_slime_circle, sprint_mu_swamp_cave, sprint_mu_shoals_kraken,
          sprint_mu_blade_basic, sprint_mu_crypt_chambers,
          sprint_mu_tomb_spiral, sprint_mu_vestibule_basic,
          sprint_mu_gehenna_hellfire, sprint_mu_dis_giant,
          sprint_mu_tartarus_statrot, sprint_mu_cocytus_islands, sprint_mu_zot1]

Skill      XL: |  1  2  3 |
---------------+----------+-----
Unarmed Combat | 6 7 |  7.4
Fighting       | 4 |  4.1
Dodging        | |  1.6
Spellcasting   | |  2.1
Transmutations | |  2.0

Action                   |  1- 3 |  4- 6 || total
-------------------------+-------+-------++-------
Melee: Unarmed           |    27 |    12 ||    39
       Constrict         |     3 |       ||     3
       Headbutt          |     3 |       ||     3
 Cast: Beastly Appendage |     6 |       ||     6
 Abil: Spit Poison       |     1 |       ||     1
       Evoke Berserk Rag |       |     1 ||     1
  Use: Potion            |       |     1 ||     1
 Stab: Sleeping          |     2 |       ||     2
Dodge: Dodged            |     1 |     3 ||     4
